PL
GREENVILLE 84S @ LAS VEGAS FLAMINGOS
05/16/2038
 
TOP OF THE 1ST
Greenville 84s batting - Pitching for Las Vegas Flamingos : RHP Hikaru Yamaguchi
Pitching: RHP Hikaru Yamaguchi
Batting: RHB Jesús Torres 0-0: Ball
1-0: SINGLE (Line Drive, 6M, EV 97.5 MPH)
Batting: LHB Danny Trautmann 0-0: Called Strike
0-1: Swinging Strike
0-2: Ball
1-2: Ball
2-2: Fly out, F4 (Line Drive, 4, EV 64.4 MPH)
Batting: SHB Shun Komatsu 0-0: Ball
1-0: Called Strike
1-1: Ball
2-1: Called Strike
Jesús Torres steals 2nd base
2-2: Ball
3-2: Fly out, F8 (Flyball, 89D, EV 95.0 MPH)
Runner from 2nd tags up, SAFE at 3rd, no throw by CF
Batting: SHB Shiki Sanu 0-0: Called Strike
0-1: Ball
1-1: Swinging Strike
1-2: Strikes out swinging
Top of the 1st over - 0 runs, 1 hit, 0 errors, 1 left on base; Greenville 0 - Las Vegas 0
BOTTOM OF THE 1ST
Las Vegas Flamingos batting - Pitching for Greenville 84s : RHP Jason Starkey
Pitching: RHP Jason Starkey
Batting: RHB Joseph Papasogli 0-0: Swinging Strike
0-1: Ground out 5-3 (Groundball, 5, EV 89.4 MPH)
Batting: RHB Sake van Arem 0-0: Called Strike
0-1: Ball
1-1: Ball
2-1: SINGLE (Groundball, 56, EV 101.9 MPH)
Batting: LHB Ruud van Ineveld 0-0: Called Strike
0-1: Foul Ball, location: 2F
0-2: Foul Ball, location: 2F
0-2: Ball
1-2: Foul Ball, location: 2F
1-2: Strikes out swinging
Batting: LHB Lao Tian 0-0: Called Strike
0-1: Called Strike
0-2: Ball
1-2: Foul Ball, location: 2F
1-2: Ball
2-2: Foul Ball, location: 2F
2-2: Ball
3-2: Foul Ball, location: 2F
3-2: SINGLE (Groundball, 34D, EV 105.6 MPH)
Sake van Arem to second
Sake van Arem to third
Batting: RHB Xavier Hernández 0-0: Ball
1-0: Called Strike
1-1: Called Strike
1-2: Ball
2-2: Foul Ball, location: 2F
2-2: Foul Ball, location: 2F
2-2: Foul Ball, location: 2F
2-2: Strikes out swinging
Bottom of the 1st over - 0 runs, 2 hits, 0 errors, 2 left on base; Greenville 0 - Las Vegas 0
TOP OF THE 2ND
Greenville 84s batting - Pitching for Las Vegas Flamingos : RHP Hikaru Yamaguchi
Batting: RHB Doug Allerdale 0-0: Called Strike
0-1: Foul Ball, location: 2F
0-2: SINGLE (Flyball, 78M, EV 90.0 MPH)
Batting: RHB Juan Jose Ayala 0-0: Called Strike
0-1: Fly out, F9 (Flyball, 9LDF, EV 106.9 MPH)
Batting: RHB Jimbob Ghostkeeper 0-0: Called Strike
0-1: SINGLE (Groundball, 6D, EV 95.6 MPH)
Doug Allerdale to second
Batting: LHB Yu Miao 0-0: Called Strike
0-1: Foul Ball, location: 2F
0-2: Foul Ball, location: 2F
0-2: Ball
1-2: Foul Ball, location: 2F
1-2: Foul Ball, location: 2F
1-2: Ball
2-2: Foul Ball, location: 2F
2-2: Grounds into double play, 3-6-3 (Groundball, 34, EV 100.6 MPH)
Top of the 2nd over - 0 runs, 2 hits, 0 errors, 1 left on base; Greenville 0 - Las Vegas 0
BOTTOM OF THE 2ND
Las Vegas Flamingos batting - Pitching for Greenville 84s : RHP Jason Starkey
Batting: SHB Glyn Bolasky 0-0: Ball
1-0: Ball
2-0: Called Strike
2-1: Foul Ball, location: 2F
2-2: Foul Ball, location: 2F
2-2: Ball
3-2: Base on Balls
Batting: RHB Colin Bottone 0-0: 2-RUN HOME RUN (Flyball, 89XD, EV 108.1 MPH), Distance : 432 ft
Batting: RHB Esteban León 0-0: Ball
1-0: Fly out, F8 (Flyball, 89S, EV 91.9 MPH)
Batting: RHB Sun-jae Kwak 0-0: Ball
1-0: Ball
2-0: Ball
3-0: Base on Balls
Batting: RHB Joseph Papasogli 0-0: Ball
1-0: Called Strike
1-1: Called Strike
1-2: Ball
2-2: Fielders Choice at 2nd, 3-6 (Groundball, 3, EV 88.1 MPH)
Batting: RHB Sake van Arem 0-0: Ball
1-0: Foul Ball, location: 2F
1-1: Called Strike
Joseph Papasogli steals 2nd base (no throw)
1-2: Ground out 6-3 (Groundball, 56, EV 90.0 MPH)
Bottom of the 2nd over - 2 runs, 1 hit, 0 errors, 1 left on base; Greenville 0 - Las Vegas 2
TOP OF THE 3RD
Greenville 84s batting - Pitching for Las Vegas Flamingos : RHP Hikaru Yamaguchi
Batting: RHB Giobbe Bastedo 0-0: Ball
1-0: Called Strike
1-1: Foul Ball, location: 2F
1-2: Strikes out swinging
Batting: RHB Jesús Torres 0-0: Fly out, F6 (Flyball, 6MD, EV 83.1 MPH)
Batting: LHB Danny Trautmann 0-0: Swinging Strike
0-1: Called Strike
0-2: Fly out, F7 (Line Drive, 7, EV 97.5 MPH)
Top of the 3rd over - 0 runs, 0 hits, 0 errors, 0 left on base; Greenville 0 - Las Vegas 2
BOTTOM OF THE 3RD
Las Vegas Flamingos batting - Pitching for Greenville 84s : RHP Jason Starkey
Batting: LHB Ruud van Ineveld 0-0: Ball
1-0: Ball
2-0: Ball
3-0: Called Strike
3-1: SINGLE (Line Drive, 34D, EV 98.1 MPH)
Batting: LHB Lao Tian 0-0: Ball
Ruud van Ineveld steals 2nd base (no throw)
1-0: Ball
2-0: Fly out, F7 (Flyball, 7S, EV 90.6 MPH)
Batting: RHB Xavier Hernández 0-0: Ball
1-0: Ball
2-0: Ball
3-0: Base on Balls
Batting: SHB Glyn Bolasky 0-0: Ball
1-0: Ball
2-0: Called Strike
2-1: Grounds into double play, U3-6 (Groundball, 3L, EV 83.1 MPH)
Bottom of the 3rd over - 0 runs, 1 hit, 0 errors, 1 left on base; Greenville 0 - Las Vegas 2
TOP OF THE 4TH
Greenville 84s batting - Pitching for Las Vegas Flamingos : RHP Hikaru Yamaguchi
Batting: SHB Shun Komatsu 0-0: Called Strike
0-1: Swinging Strike
0-2: Strikes out swinging
Batting: SHB Shiki Sanu 0-0: SINGLE (Line Drive, 78M, EV 105.0 MPH)
Batting: RHB Doug Allerdale 0-0: Ball
1-0: Swinging Strike
1-1: Foul Ball, location: 2F
1-2: Strikes out swinging
Batting: RHB Juan Jose Ayala 0-0: Ball
1-0: Called Strike
1-1: Foul Ball, location: 2F
1-2: Ball
Shiki Sanu steals 2nd base
2-2: Ball
3-2: Foul Ball, location: 2F
3-2: Fly out, F4 (Line Drive, 4, EV 70.0 MPH)
Top of the 4th over - 0 runs, 1 hit, 0 errors, 1 left on base; Greenville 0 - Las Vegas 2
BOTTOM OF THE 4TH
Las Vegas Flamingos batting - Pitching for Greenville 84s : RHP Jason Starkey
Batting: RHB Colin Bottone 0-0: Ground out 5-3 (Groundball, 5, EV 111.2 MPH)
Batting: RHB Esteban León 0-0: Ground out 4-3 (Groundball, 34, EV 88.1 MPH)
Batting: RHB Sun-jae Kwak 0-0: Ball
1-0: Foul Ball, location: 2F
1-1: Fly out, F8 (Line Drive, 8RD, EV 92.5 MPH)
Bottom of the 4th over - 0 runs, 0 hits, 0 errors, 0 left on base; Greenville 0 - Las Vegas 2
TOP OF THE 5TH
Greenville 84s batting - Pitching for Las Vegas Flamingos : RHP Hikaru Yamaguchi
Batting: RHB Jimbob Ghostkeeper 0-0: Ball
1-0: Foul Ball, location: 2F
1-1: Ball
2-1: Foul Ball, location: 2F
2-2: Foul Ball, location: 2F
2-2: Ball
3-2: Foul Ball, location: 2F
3-2: Ground out 4-3 (Groundball, 4, EV 88.1 MPH)
Batting: LHB Yu Miao 0-0: SINGLE (Groundball, 34D, EV 108.8 MPH)
Batting: RHB Giobbe Bastedo 0-0: Called Strike
0-1: Ball
1-1: Ball
2-1: Ball
3-1: Called Strike
3-2: Foul Ball, location: 2F
3-2: Fly out, F7 (Flyball, 78S, EV 85.6 MPH)
Batting: RHB Jesús Torres 0-0: Called Strike
0-1: Called Strike
0-2: Ball
1-2: Strikes out looking
Top of the 5th over - 0 runs, 1 hit, 0 errors, 1 left on base; Greenville 0 - Las Vegas 2
BOTTOM OF THE 5TH
Las Vegas Flamingos batting - Pitching for Greenville 84s : RHP Jason Starkey
Batting: RHB Joseph Papasogli 0-0: Swinging Strike
0-1: Foul Ball, location: 2F
0-2: Foul Ball, location: 2F
0-2: Ground out 6-3 (Groundball, 6MS, EV 81.2 MPH)
Batting: RHB Sake van Arem 0-0: Ball
1-0: Ball
2-0: Ball
3-0: Base on Balls
Batting: LHB Ruud van Ineveld 0-0: Called Strike
Sake van Arem steals 2nd base
0-1: SINGLE (Flyball, 8RS, EV 89.4 MPH)
Sake van Arem to third
Runner from 3rd tries for Home, SAFE, no throw by CF
Batting: LHB Lao Tian 0-0: Called Strike
0-1: Ball
1-1: Ball
2-1: Ball
3-1: Grounds into double play, 1-6-3 (Groundball, 13, EV 81.2 MPH)
Bottom of the 5th over - 1 run, 1 hit, 0 errors, 0 left on base; Greenville 0 - Las Vegas 3
TOP OF THE 6TH
Greenville 84s batting - Pitching for Las Vegas Flamingos : RHP Hikaru Yamaguchi
Batting: LHB Danny Trautmann 0-0: SINGLE (Groundball, 6MD, EV 99.4 MPH)
Batting: SHB Shun Komatsu 0-0: Ball
1-0: SINGLE (Groundball, 56D, EV 93.8 MPH)
Danny Trautmann to second
Batting: SHB Shiki Sanu 0-0: Called Strike
0-1: Fielders Choice at 2nd, 3-6 (Groundball, 34, EV 88.8 MPH)
Danny Trautmann to third
Batting: RHB Doug Allerdale 0-0: Ball
1-0: Ball
2-0: Foul Ball, location: 2F
2-1: Ball
3-1: Base on Balls
Shiki Sanu to second
Batting: RHB Juan Jose Ayala 0-0: Ball
Wild Pitch!
Danny Trautmann scores
Shiki Sanu to third
Doug Allerdale to second
1-0: Ball
2-0: Called Strike
2-1: Swinging Strike
2-2: Ball
3-2: Foul Ball, location: 2F
3-2: Ground out 6-3 (Groundball, 6, EV 84.4 MPH)
Shiki Sanu scores
Pitching: RHP Nam-shik Kwak
Batting: RHB Jimbob Ghostkeeper 0-0: Foul Ball, location: 2F
0-1: Ball
1-1: Called Strike
1-2: Ground out 6-3 (Groundball, 6, EV 96.9 MPH)
Top of the 6th over - 2 runs, 2 hits, 0 errors, 1 left on base; Greenville 2 - Las Vegas 3
BOTTOM OF THE 6TH
Las Vegas Flamingos batting - Pitching for Greenville 84s : RHP Jason Starkey
Batting: RHB Xavier Hernández 0-0: Foul Ball, location: 2F
0-1: Fly out, F3 (Popup, 3S, EV 88.1 MPH)
Batting: SHB Glyn Bolasky 0-0: Ball
1-0: Ball
2-0: Foul Ball, location: 2F
2-1: Ground out U3 (Groundball, 34, EV 103.1 MPH)
Batting: RHB Colin Bottone 0-0: Called Strike
0-1: Ball
1-1: Ball
2-1: Called Strike
2-2: DOUBLE (Line Drive, 3D, EV 103.8 MPH)
Batting: RHB Esteban León 0-0: Ball
1-0: Fly out, F6 (Popup, P, EV 78.8 MPH)
Bottom of the 6th over - 0 runs, 1 hit, 0 errors, 1 left on base; Greenville 2 - Las Vegas 3
TOP OF THE 7TH
Greenville 84s batting - Pitching for Las Vegas Flamingos : RHP Nam-shik Kwak
Batting: LHB Yu Miao 0-0: Called Strike
0-1: Foul Ball, location: 2F
0-2: Ball
1-2: SINGLE (Line Drive, 4D, EV 96.2 MPH)
Batting: RHB Giobbe Bastedo 0-0: Ball
1-0: Ball
2-0: Reached on error, E2 (Groundball, 2L, EV 43.8 MPH)
Yu Miao to third
Pinch Hitting: LHB Dallas Ihde 0-0: Ball
1-0: Swinging Strike
1-1: Called Strike
1-2: Ground out 6-3 (Groundball, 4MS, EV 88.1 MPH)
Yu Miao scores
Giobbe Bastedo to third
Batting: LHB Danny Trautmann 0-0: Fly out, F5 (Popup, 56S, EV 75.0 MPH)
Batting: SHB Shun Komatsu 0-0: Ball
1-0: Fly out, F9 (Flyball, 9D, EV 84.4 MPH)
Top of the 7th over - 1 run, 1 hit, 1 error, 1 left on base; Greenville 3 - Las Vegas 3
BOTTOM OF THE 7TH
Las Vegas Flamingos batting - Pitching for Greenville 84s : RHP Jason Starkey
Pitching: RHP Gunnar Hoglund
Now at 2B: Dallas Ihde
Batting: RHB Sun-jae Kwak 0-0: Ball
1-0: Ball
2-0: Fly out, F3 (Popup, 23F, EV 85.0 MPH)
Batting: RHB Joseph Papasogli 0-0: Ball
1-0: Foul Ball, location: 2F
1-1: Swinging Strike
1-2: Strikes out looking
Batting: RHB Sake van Arem 0-0: Called Strike
0-1: Swinging Strike
0-2: Ground out 5-3 (Groundball, 56, EV 104.4 MPH)
Bottom of the 7th over - 0 runs, 0 hits, 0 errors, 0 left on base; Greenville 3 - Las Vegas 3
TOP OF THE 8TH
Greenville 84s batting - Pitching for Las Vegas Flamingos : RHP Nam-shik Kwak
Batting: SHB Shiki Sanu 0-0: Ball
1-0: Foul Ball, location: 2F
1-1: Foul Ball, location: 2F
1-2: Ball
2-2: Ball
3-2: Strikes out swinging
Batting: RHB Doug Allerdale 0-0: Ball
1-0: Foul Ball, location: 2F
1-1: Foul Ball, location: 2F
1-2: Foul Ball, location: 2F
1-2: Ball
2-2: Ball
3-2: Foul Ball, location: 2F
3-2: Strikes out swinging
Batting: RHB Juan Jose Ayala 0-0: Ball
1-0: Ground out 1-3 (Groundball, 13, EV 80.6 MPH)
Top of the 8th over - 0 runs, 0 hits, 0 errors, 0 left on base; Greenville 3 - Las Vegas 3
BOTTOM OF THE 8TH
Las Vegas Flamingos batting - Pitching for Greenville 84s : RHP Gunnar Hoglund
Batting: LHB Ruud van Ineveld 0-0: Reached on error, E4 (Popup, 4MD, EV 66.2 MPH)
Batting: LHB Lao Tian 0-0: Ball
1-0: Foul Ball, location: 2F
1-1: Swinging Strike
1-2: Strikes out looking
Pitching: RHP Neil Franson
Batting: RHB Xavier Hernández 0-0: Called Strike
0-1: Ball
1-1: Ball
2-1: Swinging Strike
2-2: Strikes out looking
Batting: SHB Glyn Bolasky 0-0: Called Strike
0-1: Ball
1-1: Ball
2-1: Foul Ball, location: 2F
2-2: Foul Ball, location: 2F
2-2: Ball
3-2: Fly out, F9 (Line Drive, 9D, EV 98.8 MPH)
Bottom of the 8th over - 0 runs, 0 hits, 1 error, 1 left on base; Greenville 3 - Las Vegas 3
TOP OF THE 9TH
Greenville 84s batting - Pitching for Las Vegas Flamingos : RHP Nam-shik Kwak
Batting: RHB Jimbob Ghostkeeper 0-0: Called Strike
0-1: Ball
1-1: Ball
2-1: Fly out, F8 (Line Drive, 8RM, EV 93.8 MPH)
Batting: LHB Yu Miao 0-0: Foul Ball, location: 2F
0-1: Ball
1-1: Ground out 5-3 (Groundball, 56, EV 101.9 MPH)
Pinch Hitting: LHB Adrián Gómez 0-0: Ball
1-0: Foul Ball, location: 2F
1-1: Foul Ball, location: 2F
1-2: Ball
2-2: Ball
3-2: Ground out 6-3 (Groundball, 6, EV 86.9 MPH)
Top of the 9th over - 0 runs, 0 hits, 0 errors, 0 left on base; Greenville 3 - Las Vegas 3
BOTTOM OF THE 9TH
Las Vegas Flamingos batting - Pitching for Greenville 84s : RHP Neil Franson
Now at SS: Gil Andersen
Batting: RHB Colin Bottone 0-0: Called Strike
0-1: Swinging Strike
0-2: Strikes out swinging
Batting: RHB Esteban León 0-0: Ball
1-0: Ball
2-0: Ball
3-0: Base on Balls
Batting: RHB Sun-jae Kwak 0-0: Ball
1-0: SINGLE (Groundball, 56D, EV 101.9 MPH)
Esteban León to second
Pinch Runner at 2nd Sherman N'Dir:
Batting: RHB Joseph Papasogli 0-0: Called Strike
0-1: SINGLE (Line Drive, 8LS, EV 105.0 MPH)
Sherman N'Dir to third
Sun-jae Kwak to second
Runner from 3rd tries for Home, SAFE, no throw by CF
Friday, April 17th, 2020 - OOTP Baseball 20.8 Build 74